AoeStats
← ARQUVICII ◢ ◤

Nomad

510141760Analyzed
2v2 RM · 2d ago on Sep 29, 2026· 27m 37s· 4 players
Game mode
Random Map
Map size
176×176
Population
200
Speed
Normal
Resources
Standard
Victory
Conquest
Starting age
Dark Age
Ending age
Imperial Age
RankedLock teamsTeams togetherTeam positionsShared explorationLock speedFull tech treeHidden civsTurbo modeCheats
Victory
Defeat
🇦🇷 Khmer · Argentina
1128
+15
🇸🇮 Mongols · Slovenia
1124
+16
🇹🇷 Persians · Türkiye
1121
-16
🇹🇷 Tatars · Türkiye
1110
-15
jackalius
6:26 Loom
14:14 Feudal Age
19:31 Scale Mail Armor
23:08 Padded Archer Armor
26:41 Castle Age
24:55 Double-Bit Axe
26:59 Stone Mining
XOLTAR
3:06 Loom
14:33 Feudal Age
21:34 Castle Age
21:40 Pikeman
ARQUVICII ◢ ◤
4:39 Loom
12:23 Feudal Age
16:53 Castle Age
25:12 Redemption
26:34 Elite Skirmisher
burouc
5:31 Loom
13:09 Feudal Age
19:03 Castle Age
19:17 Stone Mining
21:00 Medium Warships
25:15 Padded Archer Armor
25:05 Fletching
25:22 Scale Barding Armor
25:18 Scale Mail Armor
25:29 Forging
26:23 Double-Bit Axe
Connection lost

Rejoining the realm…

Still unreachable

The connection could not be restored.

Session expired

The server has moved on; the page needs a fresh start.